 Dungeon Crawl Stone Soup version 0.13.0-26-gf7ffa3a (webtiles) character file.

7157 M4edhros the Basher (level 11, 0/70 HPs)
             Began as an Octopode Artificer on Nov 2, 2013.
             Was a Priest of Fedhas.
             Incinerated by a mottled dragon (8 damage)
             ... with a sticky flame
             ... on Level 11 of the Dungeon.
             The game lasted 00:30:03 (12263 turns).

M4edhros the Basher (Octopode Artificer)           Turns: 12263, Time: 00:30:03

HP   0/70        AC  1     Str 16      XL: 11   Next:  9%
MP  22/22        EV 18     Int 24      God: Fedhas [***...]
Gold 91          SH  0     Dex 17      Spells:  3 memorised, 11 levels left

Res.Fire  : . . .   See Invis. : +   e - +2,+0 whip (elec)
Res.Cold  : + . .   Warding    : .   (no shield)
Life Prot.: . . .   Conserve   : .   (helmet restricted)
Res.Poison: +       Res.Corr.  : +   C - amulet of resist corrosion
Res.Elec. : .       Clarity    : .   q - ring of poison resistance
Sust.Abil.: . .     Spirit.Shd : .   E - +4 ring of strength
Res.Mut.  : .       Rnd.Telep. : +   H - ring of Woheuk {rPois Str+1 Acc+6 SInv}
Res.Rott. : .       Flight     : .   R - +4 ring of intelligence
Saprovore : . . .                    (no ring)
                                     (no ring)
                                     (no ring)
                                     (no ring)

@: liquid flames, agile, glowing, quite resistant to hostile enchantments,
stealthy
A: almost no armour, amphibious, 8 rings, constrict 8, camouflage 1, cold
resistance 1, magic resistance 1, teleportitis 1, AC +1, Int +2
a: Evolution, Sunlight, Growth, Renounce Religion


You were on level 11 of the Dungeon.
You worshipped Fedhas.
Fedhas was most pleased with you.
You were near starving.

You visited 2 branches of the dungeon, and saw 12 of its levels.

You collected 782 gold pieces.
You spent 711 gold pieces at shops.

Inventory:

Hand weapons
 a - a +0,+0 short sword
 e - a +2,+0 whip of electrocution (weapon)
 k - a +1,+2 orcish flail of protection
 w - a +1,+3 orcish flail
Missiles
 L - 5 javelins (quivered)
 M - a throwing net
Armour
 I - the +0 shield "Gerinack" {Str+1 Acc+4}
   (You found it on level 9 of the Dungeon)

   It affects your strength (+1).
   It affects your accuracy (+4).
Magical devices
 b - a wand of flame (0)
 c - a wand of enslavement (0)
 d - a wand of random effects (1)
 D - a wand of digging (0)
Comestibles
 f - 5 bread rations
 p - a choko
 x - 11 cheeses
 J - 2 apples
 N - 3 meat rations
Scrolls
 i - 2 scrolls of magic mapping
 r - 2 scrolls of immolation
 u - 4 scrolls of identify
 y - a scroll of remove curse
 z - a scroll of recharging
 A - 2 scrolls of enchant weapon I
Jewellery
 j - an uncursed amulet of resist mutation
 n - an uncursed ring of teleportation
 q - a ring of poison resistance (left tentacle)
 C - an amulet of resist corrosion (around mantle)
 E - a +4 ring of strength (right tentacle)
 H - the ring of Woheuk (on tentacle) {rPois Str+1 Acc+6 SInv}
   (You bought it in a shop on level 10 of the Dungeon)

   [ring of poison resistance]

   It affects your strength (+1).
   It affects your accuracy (+6).
   It enhances your eyesight.
 R - a +4 ring of intelligence (on tentacle)
Potions
 h - a potion of brilliance
Books
 m - a book of Changes

   Spells                             Type                      Level
   Beastly Appendage                  Transmutation                1
   Sticks to Snakes                   Transmutation                2
   Spider Form                        Transmutation/Poison         3
   Ice Form                           Ice/Transmutation            4
   Blade Hands                        Transmutation                5
 o - a book of Minor Magic

   Spells                             Type                      Level
   Magic Dart                         Conjuration                  1
   *Blink                             Translocation                2
   Call Imp                           Summoning                    2
   *Repel Missiles                    Charms/Air                   2
   Slow                               Hexes                        2
   Conjure Flame                      Conjuration/Fire             3
   *Mephitic Cloud                    Conjuration/Poison/Air       3
 v - a book of Spatial Translocations

   Spells                             Type                      Level
   Apportation                        Translocation                1
   Portal Projectile                  Translocation                2
   *Blink                             Translocation                2
   Shroud of Golubria                 Charms/Translocation         2
   Teleport Other                     Translocation                3
   Passage of Golubria                Translocation                4
 O - a book of the Warp

   Spells                             Type                      Level
   Recall                             Summoning/Translocation      3
   Control Teleport                   Charms/Translocation         4
   Phase Shift                        Translocation                5
   Warp Weapon                        Charms/Translocation         5
   Dispersal                          Translocation                6
   Controlled Blink                   Translocation                7
   Disjunction                        Translocation                8
 Q - a book of Death

   Spells                             Type                      Level
   Corpse Rot                         Necromancy                   2
   Sublimation of Blood               Necromancy                   2
   Agony                              Necromancy                   5
   Dispel Undead                      Necromancy                   5
   Excruciating Wounds                Charms/Necromancy            5
   Bolt of Draining                   Conjuration/Necromancy       6
Miscellaneous
 B - a lamp of fire (inert)
Rods
 s - a +2 rod of striking (6/6)
   (You acquired it on level 3 of the Dungeon)


   Skills:
 + Level 5.8 Fighting
 - Level 1.0 Short Blades
 * Level 8.6 Maces & Flails
 - Level 2.0 Dodging
 - Level 7.7 Stealth
 + Level 4.0 Spellcasting
 + Level 4.3 Conjurations
 + Level 4.8 Poison Magic
 * Level 6.7 Invocations
 * Level 8.5 Evocations


You had 11 spell levels left.
You knew the following spells:

 Your Spells              Type           Power        Failure   Level  Hunger
a - Mephitic Cloud        Conj/Pois/Air  ###.....     10%         3    ###....
b - Repel Missiles        Chrm/Air       #.........   14%         2    None
c - Blink                 Tloc           N/A          14%         2    None


Dungeon Overview and Level Annotations

Branches:
Dungeon (11/27)            Temple (1/1) D:6             Orc (0/4) D:7
   Lair (0/8) D:9

Altars:
Ashenzari
Cheibriados
Elyvilon
Fedhas
Kikubaaqudgha
Makhleb
Nemelex Xobeh
Okawaru
Sif Muna
Trog
Vehumet
Xom
Yredelemnul
Zin
the Shining One

Shops:
D:10 =


Innate Abilities, Weirdness & Mutations

You cannot wear most types of armour.
You are amphibious.
You can wear up to eight rings at the same time.
You can use your tentacles to constrict many enemies at once.
Your skin changes colour to match your surroundings (Stlth).
Your rubbery body absorbs attacks (AC +1).
Your mind is acute. (Int +2)
Your flesh is cold resistant.
You are resistant to hostile enchantments.
Space occasionally distorts in your vicinity.


Message History

The sticky flame hits you!
You are covered in liquid flames!
Your scroll labeled MEABIC FIERU {tried on viscous inky potion} catches fire!
One of your 7 scrolls of identify catches fire!
The water moccasin bites you!
* * * LOW HITPOINT WARNING * * *
Evoke which item? (* to show all) (? for menu, Esc to quit)
Okay, then.
Read which item? (? for menu, Esc to quit)
Okay, then.
You are covered in liquid flames!
Two of your 6 scrolls of identify catch fire!
One of your 2 scrolls of remove curse catches fire!
* * * LOW HITPOINT WARNING * * *
You are covered in liquid flames!
Your scroll of fog catches fire!
Your scroll of teleportation catches fire!
Your scroll of silence catches fire!
You die...
Fedhas appreciates your contribution to the ecosystem.

......................
.......................
#######.##############
#.# . #.#
#.########.##############
#........f...............
#.......>f...............
#.......@.......... ..###
#.....S....########
#.....D....# #..........#
#..........# #..........#
#.............
#..........###
#########..#


You could see a mottled dragon, a water moccasin and 2 friendly wandering
mushrooms.

Vanquished Creatures
  Harold (D:10)
  The ghost of M4edhros the Covert, an experienced OpAr (D:7)
  Grinder (D:6)
  A two-headed ogre (D:10)
  A troll (D:10)
  A shadow (D:11)
  4 wolves (D:10)
  A hungry ghost (D:9)
  2 ice beasts (D:8)
  A phantom (D:5)
  A boring beetle (D:9)
  3 orc warriors
  2 sky beasts
  2 centaurs
  A big kobold (D:9)
  An eye of draining (D:3)
  10 killer bees
  A yak skeleton (D:11)
  8 crimson imps
  5 orc priests
  5 hounds
  A jelly (D:10)
  A centaur skeleton (D:4)
  9 orc wizards
  A scorpion (D:10)
  7 worker ants
  An iguana (D:5)
  Ijyb (D:2)
  Jessica (D:3)
  2 ogre skeletons
  7 adders
  A giant centipede (D:10)
  11 gnolls
  A giant mite (D:8)
  A green rat (D:8)
  4 worms
  An adder zombie (D:6)
  An adder skeleton (D:7)
  A grey rat (D:8)
  2 giant eyeballs
  7 giant geckos
  An ooze (D:2)
  40 orcs
  2 giant cockroaches
  10 goblins
  11 hobgoblins
  8 jackals
  10 quokkas
  17 bats
  5 giant newts
  16 kobolds
  An orc skeleton (D:9)
  21 rats
256 creatures vanquished.

Vanquished Creatures (collateral kills)
  A hill giant (D:10)
  An orc warrior (D:8)
  A two-headed ogre (D:9)
  2 hippogriffs (D:9)
  Grum (D:10)
  A sky beast (D:9)
  4 boring beetles (D:9)
  2 phantoms
  A crocodile (D:9)
  2 ogres
  2 gnoll sergeants
  4 jellies
  4 killer bees
  A troll skeleton (D:11)
  2 orc priests
  A centaur zombie (D:10)
  An iguana (D:8)
  2 orc wizards
  A worker ant (D:8)
  2 scorpions
  An orange rat (D:8)
  An ogre skeleton (D:10)
  An adder (D:10)
  A gnoll (D:10)
  2 green rats (D:8)
  3 grey rats (D:8)
  12 orcs
  2 giant cockroaches (D:1)
  A hobgoblin (D:9)
  3 jackals (D:10)
  3 kobolds
  A bat (D:9)
  3 rats
  A toadstool (D:9)
71 creatures vanquished.

Vanquished Creatures (others)
  11 wandering mushrooms
  A hound (D:8)
  A worker ant zombie (D:10)
  2 gnolls (D:8)
  A giant spore (D:8)
  113 toadstools
129 creatures vanquished.

Grand Total: 456 creatures vanquished

Notes
Turn   | Place    | Note
--------------------------------------------------------------
     0 | D:1      | M4edhros, the Octopode Artificer, began the quest for the Orb.
     0 | D:1      | Reached XP level 1. HP: 14/14 MP: 1/1
   144 | D:1      | Reached XP level 2. HP: 16/19 MP: 3/3
   582 | D:2      | Reached skill level 4 in Stealth
   812 | D:3      | Reached XP level 3. HP: 24/24 MP: 4/4
  1153 | D:3      | Noticed Jessica
  1162 | D:3      | Killed Jessica
  1162 | D:3      | Reached skill level 5 in Stealth
  1162 | D:3      | Reached XP level 4. HP: 14/29 MP: 6/6
  1782 | D:3      | Reached skill level 6 in Stealth
  1828 | D:3      | Reached XP level 5. HP: 16/34 MP: 7/7
  2063 | D:4      | Reached skill level 7 in Stealth
  2527 | D:4      | Paralysed by a giant eyeball for 3 turns
  2829 | D:4      | Reached skill level 1 in Maces & Flails
  2829 | D:4      | Reached XP level 6. HP: 40/40 MP: 9/9
  3449 | D:5      | Entered Level 5 of the Dungeon
  3843 | D:5      | Reached XP level 7. HP: 28/45 MP: 10/10
  4312 | D:6      | Noticed Grinder
  4323 | D:6      | Killed Grinder
  4323 | D:6      | Reached skill level 5 in Maces & Flails
  4332 | D:6      | Found a staircase to the Ecumenical Temple.
  4349 | Temple   | Entered the Ecumenical Temple
  4383 | Temple   | Became a worshipper of Fedhas Madash
  4920 | D:3      | Identified a scroll of acquirement
  4922 | D:3      | Identified a +2 rod of striking (6/6) (You acquired it on level 3 of the Dungeon)
  5042 | D:3      | Reached XP level 8. HP: 33/52 MP: 12/12
  5263 | D:2      | Noticed Ijyb
  5275 | D:2      | Killed Ijyb
  5429 | D:2      | Found a radiant altar of Vehumet.
  5822 | D:1      | Acquired Fedhas' first power
  6120 | D:3      | Learned a level 3 spell: Mephitic Cloud
  6123 | D:3      | Learned a level 2 spell: Repel Missiles
  6126 | D:3      | Learned a level 2 spell: Blink
  6315 | D:6      | Found a basalt altar of Yredelemnul.
  6435 | D:7      | Found a staircase to the Orcish Mines.
  6459 | D:7      | Reached skill level 1 in Conjurations
  6459 | D:7      | Reached skill level 1 in Invocations
  6620 | D:7      | Gained mutation: Your flesh is cold resistant. [potion of mutation]
  6620 | D:7      | Gained mutation: Space occasionally distorts in your vicinity. [potion of mutation]
  6620 | D:7      | Gained mutation: Your mind is acute. (Int +2) [potion of mutation]
  6623 | D:7      | Noticed M4edhros' ghost (experienced OpAr)
  6640 | D:7      | Killed M4edhros' ghost
  6640 | D:7      | Reached skill level 1 in Spellcasting
  6640 | D:7      | Reached skill level 1 in Poison Magic
  6640 | D:7      | Reached skill level 5 in Evocations
  6989 | D:8      | Reached XP level 9. HP: 49/57 MP: 14/16
  7016 | D:8      | Acquired Fedhas' second power
  8228 | D:9      | Found an iron altar of Okawaru.
  8508 | D:9      | Found a staircase to the Lair.
  9063 | D:9      | Gained mutation: You are resistant to hostile enchantments. [potion of beneficial mutation]
  9240 | D:9      | Got a polished shield
  9244 | D:9      | Identified the +0 shield "Gerinack" {Str+1 Acc+4} (You found it on level 9 of the Dungeon)
  9276 | D:9      | Reached skill level 5 in Fighting
  9276 | D:9      | Reached XP level 10. HP: 57/64 MP: 20/20
  9498 | D:9      | Reached skill level 5 in Invocations
 10005 | D:8      | Acquired Fedhas' third power
 10191 | D:10     | Entered Level 10 of the Dungeon
 10228 | D:10     | Noticed Grum
 10230 | D:10     | Killed Grum
 10585 | D:10     | Found Klam's Jewellery Shop.
 10615 | D:10     | Noticed a hill giant
 10628 | D:10     | Killed a hill giant
 10725 | D:10     | Reached skill level 8 in Maces & Flails
 10934 | D:10     | Was placed under penance by Fedhas
 11166 | D:10     | Noticed Harold
 11176 | D:10     | Killed Harold
 11550 | D:10     | Reached XP level 11. HP: 22/70 MP: 22/22
 11551 | D:10     | Was forgiven by Fedhas
 11909 | D:10     | Bought the ring of Woheuk {rPois Str+1 Acc+6 SInv} for 711 gold pieces
 12263 | D:11     | Incinerated by a mottled dragon

Action                   |  1- 3 |  4- 6 |  7- 9 | 10-12 || total
-------------------------+-------+-------+-------+-------++-------
Melee: Short sword       |    45 |       |       |       ||    45
       Dagger            |     5 |     1 |       |       ||     6
       Flail             |     1 |    51 |       |       ||    52
       Whip              |       |    60 |   318 |   161 ||   539
Invok: Evolution         |       |       |    10 |     4 ||    14
       Sunlight          |       |       |     6 |     5 ||    11
Evoke: Wand              |     8 |     7 |    15 |    14 ||    44
       Miscellaneous     |       |       |       |     1 ||     1
  Use: Scroll            |     3 |     7 |    11 |     2 ||    23
       Potion            |     1 |     4 |     8 |     4 ||    17
 Stab: Sleeping          |     1 |     8 |    26 |     6 ||    41
       Distracted        |       |     4 |     3 |       ||     7
       Invisible         |       |       |     4 |       ||     4
       Paralysed         |       |       |     3 |       ||     3
       Confused          |       |       |     1 |     2 ||     3
